 Dungeon Crawl Stone Soup version 0.30.0-30-g96aa6591b8 (webtiles) character file.

Game seed: 15586285395928663452

49 croobank the Firebug (level 3, -5/33 HPs)
             Began as an Octopode Fire Elementalist on June 26, 2023.
             Slain by a gnoll
             ... wielding a +0 halberd
              (12 damage)
             ... on level 3 of the Dungeon.
             The game lasted 00:05:03 (1620 turns).

croobank the Firebug (Octopode Fire Elementalist)   Turns: 1620, Time: 00:05:04

Health: -5/33      AC: 21    Str:  7    XL:     3   Next: 77%
Magic:  4/6        EV:  2    Int: 19    God:
Gold:   51         SH:  0    Dex: 18    Spells: 3/6 levels left

rFire   . . .        h - +0 dagger
rCold   . . .        (no shield)
rNeg    . . .        (helmet currently unavailable)
rPois   +            (no amulet)
rElec   .            l - +6 ring of dexterity
rCorr   .            (no ring)
SInv    .            (no ring)
Will    .....        (no ring)
Stlth   +++          (no ring)
HPRegen 0.25/turn    (no ring)
MPRegen 0.10/turn    (no ring)
                     (no ring)

%: no passive effects
@: tree-form, very slightly contaminated
A: stationary, stasis, torment immunity, boosted hp, almost no armour,
(amphibious), 8 rings, (camouflage 1), (gelatinous body 1), (nimble swimmer 1),
(tentacles)
a: no special abilities


You were on level 3 of the Dungeon.
You were a tree.
You visited 1 branch of the dungeon, and saw 3 of its levels.

You collected 51 gold pieces.

Inventory:

Hand Weapons
 f - a +0 spear
 h - a +0 dagger (weapon)
 n - a +0 short sword
 p - a +0 quarterstaff
 s - a +0 long sword
Jewellery
 l - a +6 ring of dexterity (left branch)
Scrolls
 i - a scroll of enchant weapon {unknown}
 j - a scroll of fog {unknown}
 o - a scroll of noise {unknown}
 q - a scroll of blinking {unknown}
 r - a scroll of magic mapping {unknown}
 t - a scroll of silence {unknown}
Potions
 b - 3 potions of curing
 d - 2 potions of mutation {unknown}
 e - a potion of berserk rage {unknown}
 k - a potion of heal wounds {unknown}
 m - a potion of experience {unknown}


   Skills:
 + Level 0.7 Fighting
 + Level 2.4 Dodging
 + Level 3.3 Stealth
 + Level 2.4 Spellcasting
 + Level 1.5 Conjurations
 + Level 3.3 Fire Magic


You had 3 spell levels left.
You knew the following spells:

 Your Spells              Type           Power      Damage    Failure   Level
a - Foxfire               Conj/Fire      44%        2x1d6     6%          1
b - Scorch                Fire           28%        2d6       6%          2

Your spell library contained the following spells:

 Spells                   Type           Power      Damage    Failure   Level
 Inner Flame              Hex/Fire       8%         N/A       24%         3
 Volatile Blastmotes      Fire/Tloc      16%        2d11      24%         3
 Flame Wave               Conj/Fire      11%        2d6       52%         4


Dungeon Overview and Level Annotations

Branches:
Dungeon (3/15)

Altars:

Shops:
D:2 (

Annotations:
D:3 Pargi


Innate Abilities, Weirdness & Mutations

You are a tree.
Your roots penetrate the ground, keeping you stationary.
You cannot be teleported.
You are immune to unholy pain and torment.
Your maximum health is greatly increased.
You cannot wear most types of armour.
((You are amphibious.))
You can wear up to eight rings at the same time.
((Your skin changes colour to match your surroundings (Stealth+).))
((Your rubbery body absorbs attacks. (AC +1, EV +1)))
((You are camouflaged when in or above water. (Stealth+)))
((You have tentacles for arms and can constrict up to eight enemies at once.))


Message History

The gnoll hits you but does no damage.
The frilled lizard bites you but does no damage.
The gnoll hits you but does no damage.
Casting: Scorch (safe; 6% risk of failure)
Confirm with . or Enter, or press ? or * to list all spells.
Flames lash the gnoll.
The gnoll is severely wounded.
The gnoll's fire resistance burns away.
Pargi bites you.
Pargi claws you but does no damage. x2; The gnoll hits you but does no damage. x2
The gnoll hits you from afar with a +0 spear.
The frilled lizard bites you but does no damage.
Casting: Scorch (safe; 6% risk of failure)
Confirm with . or Enter, or press ? or * to list all spells.
You miscast Scorch.
You are very lightly contaminated with residual magic.
Nothing appears to happen.
A worm comes into view.
The gnoll hits you but does no damage. x2
The frilled lizard barely misses you. Pargi bites you but does no damage.
Pargi claws you but does no damage. x2; The gnoll hits you with a +0 club.
* * * LOW HITPOINT WARNING * * *
You feel better. Pargi bites you but does no damage.
Pargi claws you but does no damage. x2; The gnoll hits you but does no damage. x2
The frilled lizard bites you but does no damage.
The gnoll hits you from afar with a +0 halberd.
Magic courses through your body. The gnoll hits you but does no damage.
The gnoll hits you from afar with a +0 spear.
The frilled lizard bites you. Pargi bites you but does no damage.
Pargi claws you but does no damage. x2; The gnoll hits you with a +0 club.
* * * LOW HITPOINT WARNING * * *
Casting: Scorch (safe; 6% risk of failure)
Confirm with . or Enter, or press ? or * to list all spells.
Flames lash the gnoll.
The gnoll is severely wounded.
The gnoll's fire resistance burns away.
The gnoll is no longer more vulnerable to fire.
Pargi bites you but does no damage. Pargi claws you but does no damage.
Pargi barely misses you.
The gnoll hits you from afar with a +0 halberd!
You die...

#######
#.gl♣.#
......Tg..#
.....gg....#
....[......#
..[........#
...........#
:.w........#
.)...>..=..#


You could see Pargi, a worm, 4 gnolls and a frilled lizard.

Vanquished Creatures
  An adder (D:2)
  A dart slug (D:2)
  A worm (D:2)
  An orc (D:2)
  4 ball pythons
  3 endoplasms
  4 goblins
  5 hobgoblins
  3 jackals (D:1)
  4 kobolds
  5 bats
32 creatures vanquished.

Vanquished Creatures (others)
  45 foxfires
45 creatures vanquished.

Grand Total: 77 creatures vanquished

Notes
Turn   | Place    | Note
-------+----------+-------------------------------------------
     0 | D:1      | croobank the Octopode Fire Elementalist began the quest for
                  | the Orb.
     0 | D:1      | Reached XP level 1. HP: 11/11 MP: 3/3
   127 | D:1      | You fall into a shaft and drop 1 floor!
   314 | D:1      | Reached XP level 2. HP: 15/17 MP: 0/5
   318 | D:1      | Learned a level 2 spell: Scorch
  1093 | D:2      | Reached XP level 3. HP: 22/22 MP: 1/6
  1155 | D:2      | Found Watixac's Weapon Emporium.
  1611 | D:3      | Noticed Pargi
  1620 | D:3      | Slain by a gnoll

Illustrated notes

Levels and vault maps discovered:
D:1:      dpeg_arrival_pond, layout_rooms, columned_hall_lemuel,
          roderic_serpentine_path
D:2:      layout_basic, serial_shops, shop, corexii_shack, glass_columns_b,
          minmay_pentomino_u4
D:3:      layout_rooms, old_standard_altar, uniq_pargi

Skill      XL: |  1  2 |
---------------+-------+-----
Stealth        | 3 |  3.3
Fighting       | |  0.7
Dodging        | |  2.4
Spellcasting   | |  2.4
Conjurations   | |  1.5
Fire Magic     | |  3.3

Action                     || total
---------------------------++-------
  Melee: Unarmed           ||     7
         Constrict         ||     9
         Tentacles         ||     7
         Dagger            ||    17
         Spear             ||     5
   Cast: Foxfire           ||    28
         Scorch            ||    12
    Use: Potion            ||     4
         Scroll            ||     1
   Stab: Sleeping          ||     2
 Armour: Skin              ||    32
  Dodge: Dodged            ||    27
